 Dungeon Crawl Stone Soup version 0.20-a0-1056-g7622305 (webtiles) character file.

5982 Rrauwl the Cleaver (level 11, -15/77 HPs)
             Began as a Formicid Abyssal Knight on Apr 26, 2017.
             Was a High Priest of Lugonu.
             Demolished by a two-headed ogre
             ... wielding a +0 giant club
              (16 damage)
             ... on level 8 of the Dungeon.
             The game lasted 00:29:24 (7556 turns).

Rrauwl the Cleaver (Formicid Abyssal Knight)        Turns: 7556, Time: 00:29:25

Health: -15/77     AC: 12    Str: 19    XL:     11   Next: 10%
Magic:  13/13      EV:  8    Int: 12    God:    Lugonu [*****.]
Gold:   400        SH:  4    Dex: 11    Spells: 10/10 levels left

rFire    . . .     SeeInvis +   a - +1 war axe (venom)
rCold    . . .     Gourm    .   (no shield)
rNeg     . . .     Faith    .   A - -1 chain mail (curse)
rPois    .         Spirit   .   (helmet unavailable)
rElec    .         Reflect  .   (no cloak)
rCorr    +         Harm     .   d - +1 pair of gloves
MR       +....                  (no boots)
Stlth    ..........             (no amulet)
Regen    0.3/turn               p - +4 ring of slaying
MPRegen  0.2/turn               g - ring of resist corrosion

@: no status effects
A: permanent stasis, dig shafts and tunnels, four strong arms, antennae 3,
iridescent scales 1, large bone plates 1, low mp 1, MP-powered wands
a: Dig, Shaft Self, Depart the Abyss, Bend Space, Banish, Corrupt, Enter the
Abyss, Renounce Religion


You were on level 8 of the Dungeon.
You worshipped Lugonu.
Lugonu was extremely pleased with you.
You were not hungry.

You visited 2 branches of the dungeon, and saw 9 of its levels.
You visited the Abyss 1 time.
You also visited: Ossuary.

You collected 400 gold pieces.

Inventory:

Hand Weapons
 a - a +1 war axe of venom (weapon)
 c - a +2 flail of protection
 r - the +1 long sword of the Median {holy, rPois rC+ MR+ Str+3}
   (You found it on level 4 of the Dungeon)

   It has been blessed by the Shining One to cause great damage to the undead
   and demons.
   It affects your strength (+3).
   It protects you from cold.
   It protects you from poison.
   It affects your resistance to hostile enchantments.
Armour
 d - a +1 pair of gloves (worn)
 A - a cursed -1 chain mail (worn)
Jewellery
 g - a ring of resist corrosion (right hand)
 p - a +4 ring of slaying (left hand)
Wands
 e - a wand of lightning (11/15)
 h - a wand of disintegration (14/24)
 q - a wand of random effects (15/48)
 s - a wand of iceblast (6/15)
 t - a wand of flame (31/48)
 w - a wand of lightning (7/15)
 y - a wand of iceblast (1/15)
Scrolls
 f - 2 scrolls of enchant armour
 i - 6 scrolls of amnesia
 j - a scroll of recharging
 m - 6 scrolls of identify
 n - 2 scrolls of fog
 v - 3 scrolls of magic mapping
 x - 2 scrolls of remove curse
Potions
 b - 3 potions of flight
 k - 3 potions of curing
 u - a potion of heal wounds
Comestibles
 l - 6 meat rations
 o - 9 bread rations
 z - 2 royal jellies


   Skills:
 - Level 4.0 Fighting
 + Level 14.0 Axes
 - Level 3.0 Armour
 - Level 2.0 Dodging
 - Level 4.1 Invocations
 - Level 5.0 Evocations


You had 10 spell levels left.
You didn't know any spells.

Dungeon Overview and Level Annotations

Branches:
Dungeon (8/15)             Temple (1/1) D:6
   Lair: D:8-11

Altars:
Ashenzari
Cheibriados
Dithmenos
Elyvilon
Fedhas
Gozag
Kikubaaqudgha
Makhleb
Nemelex Xobeh
Okawaru
Qazlal
Ru
Sif Muna
Trog
Vehumet
Wu Jian
Yredelemnul
Zin
The Shining One


Innate Abilities, Weirdness & Mutations

You cannot be hasted, slowed, berserked, paralysed or teleported.
You can dig through walls and to a lower floor.
Your four strong arms can wield two-handed weapons with a shield.
You have a pair of large antennae on your head. (SInv)
You are partially covered in iridescent scales. (AC +2)
You are partially covered in large bone plates. (SH +4)
Your magical capacity is low. (-10% MP)
You expend magic power (3 MP) to strengthen your wands.


Message History

You hit the two-headed ogre.
The two-headed ogre looks as sick as possible!
The two-headed ogre is lightly wounded.
You barely miss the two-headed ogre.
The two-headed ogre is moderately wounded.
The two-headed ogre barely misses you.
The two-headed ogre hits you with a giant spiked club!
You barely miss the two-headed ogre.
The two-headed ogre is moderately wounded.
You hit the two-headed ogre.
The two-headed ogre looks as sick as possible!
The two-headed ogre is moderately wounded.
The two-headed ogre hits you with a giant club!!
The two-headed ogre hits you with a giant spiked club!!
* * * LOW HITPOINT WARNING * * *
You feel much better.
The two-headed ogre hits you with a giant club!!
* * * LOW HITPOINT WARNING * * *
The two-headed ogre hits you with a giant spiked club!
You die...

*.......* *.....<.* *.......*
*.......* ####### ###*.......*
#.....# ...,.......### #.....#
##**.........# #.....#
*.........############ #.....#
*.......#...O@.......###.....#
*.......##...#######.........#
#######.###*###..##########.....#
...# #,* ##.....## #.(...# ##.#
*,* #####..#####.....# #>## #.#*
##....##.....# #..###..#* *###
###........##
##...#*..######..#####......<.# #
###.#*#.#..[[...........>)...#


You could see a two-headed ogre.

Vanquished Creatures
  A two-headed ogre (D:8)
  The ghost of Hanibal the Skirmisher, a novice DsFi of Nemelex Xobeh (D:8)
  Pikel (D:7)
  The ghost of yrara the Cudgeler, an amateur DsFi of Qazlal (D:4)
  A human (D:7)
  6 yaks (D:6)
  4 hogs (D:7)
  Menkaure (D:5)
  An orc warrior (D:7)
  2 sky beasts
  A slave (D:7)
  3 ogres
  4 centaurs
  An elf zombie (Ossuary)
  3 bullfrogs
  A wyvern skeleton (D:7)
  2 scorpions
  2 killer bees (D:7)
  A wight (Abyss:2)
  A jelly (D:5)
  2 crimson imps
  A centaur zombie (Ossuary)
  A hound (D:6)
  2 human zombies (Ossuary)
  2 orc priests (D:7)
  8 orc wizards
  A bullfrog skeleton (D:6)
  A centaur skeleton (D:6)
  2 iguanas
  6 worker ants
  A big kobold zombie (Ossuary)
  3 hound zombies (Ossuary)
  3 mummies (Ossuary)
  12 gnolls
  9 adders
  2 shadow imps
  2 oozes (D:1)
  4 adder zombies
  3 dart slugs
  5 leopard geckos
  26 orcs
  4 ball pythons
  5 giant cockroaches
  10 goblins
  11 hobgoblins
  10 jackals
  5 kobolds
  3 quokkas
  A ball python skeleton (D:5)
  5 bats
  3 frilled lizards
  A gnoll zombie (Ossuary)
  3 goblin zombies (Ossuary)
  3 hobgoblin zombies (Ossuary)
  2 jackal zombies (Ossuary)
  7 kobold zombies (Ossuary)
  A leopard gecko skeleton (D:7)
  6 quokka zombies
  7 rats
  2 rat zombies (Ossuary)
223 creatures vanquished.

Vanquished Creatures (others)
  2 slaves (D:7)
  A bullfrog (D:7)
  2 killer bees (D:7)
  A hound (D:7)
  An orc wizard (D:7)
  A worker ant zombie (D:7)
  3 orcs (D:7)
11 creatures vanquished.

Grand Total: 234 creatures vanquished

Notes
Turn   | Place    | Note
-------+----------+-------------------------------------------
     0 | Abyss:1  | Rrauwl the Formicid Abyssal Knight began the quest for the Orb.
     0 | Abyss:1  | Reached XP level 1. HP: 18/18 MP: 2/2
    45 | Abyss:2  | Found a snail-covered altar of Cheibriados.
    83 | Abyss:2  | Noticed a wight
    88 | Abyss:2  | Noticed a golden dragon skeleton
    92 | Abyss:2  | Killed a wight
    92 | Abyss:2  | Reached skill level 1 in Dodging
    92 | Abyss:2  | Reached XP level 2. HP: 25/25 MP: 3/3
    92 | Abyss:2  | Reached XP level 3. HP: 30/30 MP: 4/4
    93 | Abyss:2  | Noticed a worldbinder
    94 | Abyss:2  | Noticed a manticore
    95 | Abyss:2  | Noticed a small abomination
    95 | D:1      | Escaped the Abyss
   154 | D:1      | Reached * piety under Lugonu
   187 | D:1      | Reached XP level 4. HP: 23/37 MP: 5/5
   399 | D:1      | Reached skill level 3 in Axes
  1019 | D:2      | Reached ** piety under Lugonu
  1054 | D:2      | Reached XP level 5. HP: 42/42 MP: 6/6
  1558 | D:3      | Reached skill level 4 in Axes
  1811 | D:3      | Reached XP level 6. HP: 25/48 MP: 7/7
  2176 | D:3      | Reached *** piety under Lugonu
  2314 | D:4      | Reached skill level 5 in Axes
  2417 | D:4      | Noticed an ogre
  2424 | D:4      | Killed an ogre
  2424 | D:4      | Reached XP level 7. HP: 43/54 MP: 8/8
  2479 | D:4      | Noticed yrara's ghost (amateur DsFi)
  2482 | D:4      | Reached skill level 6 in Axes
  2494 | D:4      | Killed yrara's ghost
  2647 | D:4      | Got a smoking long sword
  2648 | D:4      | Identified the +1 long sword of the Median {holy, rPois rC+ MR+ Str+3} (You found it on level 4 of the Dungeon)
  2940 | D:4      | Found an ancient bone altar of Kikubaaqudgha.
  3166 | D:5      | Entered Level 5 of the Dungeon
  3310 | D:5      | Reached XP level 8. HP: 30/60 MP: 10/10
  3581 | D:5      | Reached skill level 7 in Axes
  3876 | D:5      | Noticed Menkaure
  3880 | D:5      | Killed Menkaure
  3905 | D:5      | Reached skill level 5 in Evocations
  4237 | D:5      | Reached skill level 8 in Axes
  4245 | D:5      | Gained mutation: You expend magic power (3 MP) to strengthen your wands. [mutagenic meat]
  4246 | D:5      | Gained mutation: You are covered in fur. (AC +1) [mutagenic meat]
  4247 | D:5      | Gained mutation: Your magical capacity is low. (-10% MP) [mutagenic meat]
  4248 | D:5      | Gained mutation: Your body sometimes deteriorates upon taking damage. [mutagenic meat]
  4249 | D:5      | Gained mutation: Your magical capacity is very low. (-20% MP) [mutagenic meat]
  4715 | D:6      | Reached XP level 9. HP: 56/65 MP: 10/10
  4717 | D:6      | Reached skill level 9 in Axes
  4812 | D:6      | Found a staircase to the Ecumenical Temple.
  4821 | Temple   | Entered the Ecumenical Temple
  5070 | D:6      | Reached **** piety under Lugonu
  5074 | D:6      | Gained mutation: Your system is resistant to poisons. (rPois) [mutagenic meat]
  5121 | D:6      | Reached skill level 10 in Axes
  5140 | D:6      | Reached skill level 11 in Axes
  5454 | D:6      | Found a sparkling altar of Nemelex Xobeh.
  5455 | D:6      | Found an opulent altar of Gozag.
  5723 | D:7      | Reached XP level 10. HP: 71/71 MP: 11/11
  5754 | D:7      | Noticed Pikel
  5765 | D:7      | Killed Pikel
  5765 | D:7      | Reached skill level 12 in Axes
  6067 | D:7      | Lost mutation: Your body sometimes deteriorates upon taking damage. [potion of mutation]
  6067 | D:7      | Lost mutation: Your magical capacity is very low. (-20% MP) [potion of mutation]
  6067 | D:7      | Lost mutation: Your system is resistant to poisons. (rPois) [potion of mutation]
  6067 | D:7      | Lost mutation: You are covered in fur. (AC +1) [potion of mutation]
  6067 | D:7      | Gained mutation: You are partially covered in large bone plates. (SH +4) [potion of mutation]
  6067 | D:7      | Gained mutation: You are partially covered in iridescent scales. (AC +2) [potion of mutation]
  6756 | D:8      | Noticed a two-headed ogre
  6766 | D:8      | Killed a two-headed ogre
  6766 | D:8      | Reached skill level 13 in Axes
  6908 | D:8      | Found a sand-covered staircase.
  6917 | Ossuary  | Entered an ossuary
  7128 | Ossuary  | Reached ***** piety under Lugonu
  7263 | D:8      | Noticed Hanibal's ghost (novice DsFi)
  7273 | D:8      | Killed Hanibal's ghost
  7273 | D:8      | Reached skill level 14 in Axes
  7273 | D:8      | Reached XP level 11. HP: 77/77 MP: 1/13
  7543 | D:8      | Noticed a two-headed ogre
  7556 | D:8      | HP: 1/77 [two-headed ogre/giant club (22)]
  7556 | D:8      | Demolished by a two-headed ogre

Vault maps used:
D:1:      dpeg_arrival_round_b
D:2:      minmay_split_cup_small
D:3:      wad_orctagon
D:4:      nicolae_overflow_hidden_temple, moated_statue
D:5:      first_bread, minivault_11, uniq_menkaure
D:6:      grunt_temple_overflow_opulence, lemuel_temple_firewalk_a, minivault_26
D:7:      grunt_livestock, uniq_pikel
D:8:      lightli_ossuary_entry_decrepit_ruins, zaba_anthole
Temple:   regret_index_temple_sphere_string
Abyss:1:  evilmike_abyss_exit_chaos
Ossuary:  minmay_ossuary_two_tombs

Skill      XL: |  1  2  3  4  5  6  7  8  9 10 |
---------------+-------------------------------+-----
Dodging        | 1 2 |  2.0
Axes           | 3 4 5 6 8 11 14 | 14.0
Fighting       | 4 |  4.0
Armour         | 3 |  3.0
Evocations     | 3 5 |  5.0
Invocations    | 4 |  4.1

Action                   |  1- 3 |  4- 6 |  7- 9 | 10-12 || total
-------------------------+-------+-------+-------+-------++-------
Melee: War axe           |    18 |   171 |   167 |   202 ||   558
Invok: Depart the Abyss  |     1 |       |       |       ||     1
Evoke: Wand              |     5 |       |     9 |     4 ||    18
  Use: Potion            |     2 |     6 |     1 |     5 ||    14
       Scroll            |     1 |     8 |    10 |     4 ||    23
 Stab: Invisible         |       |       |       |     2 ||     2
  Eat: Chunk             |       |     5 |    20 |     4 ||    29
       Fruit             |       |       |     1 |       ||     1
       Royal jelly       |       |       |       |     2 ||     2
Armor: Leather armour    |     8 |    57 |    36 |    14 ||   115
       Chain mail        |       |       |       |    41 ||    41
Dodge: Dodged            |    21 |   129 |    76 |    57 ||   283
Block: Other             |       |       |       |    17 ||    17
